 Dungeon Crawl Stone Soup version 0.31.0-9-g3a7656b989 (webtiles) character file.

Game seed: 1401475980620979956

774 qw the Shooter (level 7, -1/35 HPs)
             Began as a Spriggan Hunter on Feb 2, 2024.
             Was a Follower of Okawaru.
             Slain by Edmund
             ... wielding a +0 flail of protection
              (9 damage)
             ... on level 4 of the Dungeon.
             The game lasted 00:00:17 (3408 turns).

qw the Shooter (Spriggan Hunter)                    Turns: 3408, Time: 00:00:18

Health: -1/35      AC:  2    Str:  7    XL:     7   Next: 53%
Magic:  9/9        EV: 22    Int: 10    God:    Okawaru [*.....]
Gold:   162        SH:  0    Dex: 21    Spells: 6/6 levels left

rFire   + . .        a - +0 shortbow (freeze)
rCold   . . .        (shield currently unavailable)
rNeg    . . .        c - +0 robe
rPois   .            (helmet restricted)
rElec   .            (no cloak)
rCorr   .            (gloves unavailable)
SInv    +            (boots unavailable)
Will    +....        (no amulet)
Stlth   ++           f - ring of protection from fire
HPRegen 0.25/turn    (no ring)
MPRegen 0.11/turn

%: no passive effects
@: about to teleport, very quick
A: very small, no large weapons, unfitting armour, see invisible, speed 3
a: Renounce Religion, Heroism


You were on level 4 of the Dungeon.
You worshipped Okawaru.
Okawaru was aware of your devotion.
You visited 1 branch of the dungeon, and saw 4 of its levels.

You collected 162 gold pieces.


Innate Abilities, Weirdness & Mutations

You are very small and have problems with some larger weapons.
You are too small for most types of armour.
You have supernaturally acute eyesight. (SInv)
You cover ground extremely quickly. (Speed+++)


   Skills:
 - Level 2.0 Fighting
 + Level 7.5 Ranged Weapons
 - Level 7.0 Dodging
 - Level 1.5 Stealth
 + Level 1.6 Invocations


You had 6 spell levels left.
You didn't know any spells.
Your spell library was empty.

Inventory:

Hand Weapons
 a - a +0 shortbow of freezing (weapon)
Armour
 c - a +0 robe (worn)
Jewellery
 f - a ring of protection from fire (left hand)
Wands
 k - a wand of polymorph (8)
Scrolls
 e - a scroll of enchant armour
 g - a scroll of identify
Potions
 b - 3 potions of heal wounds
 d - a potion of curing
 i - a potion of invisibility {unknown}

Dungeon Overview and Level Annotations

Branches:
Dungeon (4/15)             Temple (0/1) D:4

Altars:
Elyvilon
Gozag
Makhleb
Nemelex Xobeh
Okawaru
Trog

Annotations:
D:4 Edmund


Message History

You shoot an arrow.
The arrow hits Edmund but does no damage.
Edmund mutters, "Who needs spells, anyway?"
Edmund misses you.
You shoot an arrow.
The arrow hits Edmund but does no damage.
Edmund says, "People think my brother is the best.
I think he's crazy."
Edmund hits you with a +0 flail of protection!
You shoot an arrow.
The arrow hits Edmund but does no damage.
Edmund misses you.
You shoot an arrow. The arrow closely misses Edmund.
Edmund closely misses you.
You shoot an arrow. The arrow closely misses Edmund.
Edmund hits you with a +0 flail of protection!
You shoot an arrow. The arrow barely misses Edmund.
Edmund hits you with a +0 flail of protection.
You shoot an arrow. The arrow hits Edmund.
The arrow freezes Edmund.
Edmund is moderately wounded.
Edmund barely misses you.
You shoot an arrow. The arrow hits Edmund.
The arrow freezes Edmund.
Edmund is moderately wounded.
Edmund hits you with a +0 flail of protection!
You shoot an arrow. The arrow hits Edmund.
The arrow freezes Edmund.
Edmund is heavily wounded.
Edmund closely misses you.
You shoot an arrow. The arrow barely misses Edmund.
Edmund barely misses you.
You shoot an arrow. The arrow hits Edmund.
The arrow freezes Edmund.
Edmund is severely wounded.
Edmund misses you.
You shoot an arrow. The arrow hits Edmund.
The arrow freezes Edmund.
Edmund is almost dead.
Edmund hits you with a +0 flail of protection.
3408 ||| READING scroll of teleportation.
As you read the scroll of teleportation, it crumbles to dust.
You feel strangely unstable.
Edmund hits you with a +0 flail of protection!
You die...
Edmund says, "I'd like to see a scythe do that!"

#..#.......###...
#####.).....#.... ##..........##.
##.............. ##**
#............... ###..*
#..............# ***
#....###.#.........####
**,****#...#.....<......#.##
*,,,***,,#@@##..............
*,*,*#......#........>......
***,,,*#...#.#..............##
*,,,,,....,#.##.........####..
*,,,,,.##,*#..##........###...
**,,,.....##..................
**,,......#...............%...
****,,,..........................
*,,,,,,......).......####........


You could see Edmund.

Vanquished Creatures
  Sigmund (D:3)
  Eustachio (D:4)
  Menkaure (D:4)
  Blork the orc (D:4)
  A scorpion (D:4)
  A jelly (D:4)
  A sleepcap (D:4)
  Ijyb (D:3)
  A gnoll (D:1)
  4 adders
  A white imp (D:4)
  A ribbon worm (D:2)
  3 dart slugs
  7 orcs
  11 ball pythons
  8 bats
  9 endoplasms
  4 giant cockroaches
  7 goblins
  7 hobgoblins
  7 jackals (D:1)
  7 quokkas
  5 frilled lizards
  3 kobolds (D:1)
  6 rats
99 creatures vanquished.

Notes
Turn   | Place    | Note
-------+----------+-------------------------------------------
     0 | D:1      | qw the Spriggan Hunter began the quest for the Orb.
     0 | D:1      | Reached XP level 1. HP: 10/10 MP: 2/2
     0 | D:1      | 0 ||| qw: Version: 0.3-a-155-g5e7d8dd
     0 | D:1      | 0 ||| qw: Game counter: 2790
     0 | D:1      | 0 ||| qw: Melee chars always use a shield: true
     0 | D:1      | 0 ||| qw: God list: Okawaru
     0 | D:1      | 0 ||| qw: Allow faded altars: false
     0 | D:1      | 0 ||| qw: Do Orc after clearing Dungeon:15 true
     0 | D:1      | 0 ||| qw: Do second Lair branch before Depths: true
     0 | D:1      | 0 ||| qw: Lair rune preference: random
     0 | D:1      | 0 ||| qw: Goals: Normal
     0 | D:1      | 0 ||| PLANNING D:1-11
    32 | D:1      | Reached skill level 3 in Dodging
   108 | D:1      | Reached XP level 2. HP: 14/14 MP: 3/3
   260 | D:1      | Reached XP level 3. HP: 18/18 MP: 4/4
   875 | D:1      | 875 ||| READING scroll labelled PUUTATH ODORGHI.
   875 | D:1      | 875 ||| BRANDING +0 shortbow.
   876 | D:1      | 876 ||| READING scroll labelled QESEREBUTU.
   877 | D:1      | 877 ||| READING scroll labelled IJANYT JOIXUAS.
   877 | D:1      | 877 ||| ENCHANTING +0 shortbow of freezing.
   878 | D:1      | 878 ||| DROPPING scroll of butterflies.
   880 | D:1      | 880 ||| Stepping ~*~*~tactically~*~*~ (cloud).
  1017 | D:2      | Reached XP level 4. HP: 22/22 MP: 5/5
  1256 | D:2      | You fall into a shaft and drop 2 floors!
  1258 | D:4      | Found an iron altar of Okawaru.
  1259 | D:4      | 1259 ||| PLANNING OKAWARU WORSHIP
  1259 | D:4      | 1259 ||| UPGRADING to ring of protection from fire.
  1260 | D:4      | 1260 ||| READING scroll labelled ERIPENT CIUDGHE.
  1261 | D:4      | 1261 ||| READING 3 scrolls labelled KOROBR XOOPS.
  1262 | D:4      | 1262 ||| READING scroll labelled HUACITIWIKK.
  1263 | D:4      | 1263 ||| DROPPING 2 scrolls of fog.
  1268 | D:4      | Became a worshipper of Warmaster Okawaru
  1269 | D:4      | 1269 ||| PLANNING D:1-11
  1276 | D:4      | 1276 ||| FLEEEEING.
  1277 | D:4      | 1277 ||| FLEEEEING.
  1278 | D:4      | 1278 ||| FLEEEEING.
  1279 | D:4      | 1279 ||| FLEEEEING.
  1280 | D:4      | 1280 ||| FLEEEEING.
  1281 | D:4      | 1281 ||| FLEEEEING.
  1283 | D:4      | 1283 ||| FLEEEEING.
  1284 | D:4      | 1284 ||| FLEEEEING.
  1285 | D:4      | 1285 ||| FLEEEEING.
  1291 | D:4      | 1291 ||| FLEEEEING.
  1296 | D:4      | 1296 ||| FLEEEEING.
  1297 | D:4      | 1297 ||| FLEEEEING.
  1298 | D:4      | 1298 ||| FLEEEEING.
  1299 | D:4      | 1299 ||| FLEEEEING.
  1300 | D:4      | 1300 ||| FLEEEEING.
  1301 | D:4      | 1301 ||| FLEEEEING.
  1302 | D:4      | 1302 ||| FLEEEEING.
  1376 | D:4      | 1376 ||| FLEEEEING.
  1377 | D:4      | 1377 ||| FLEEEEING.
  1378 | D:4      | 1378 ||| FLEEEEING.
  1379 | D:4      | 1379 ||| FLEEEEING.
  1380 | D:4      | 1380 ||| FLEEEEING.
  1381 | D:4      | 1381 ||| FLEEEEING.
  1382 | D:4      | 1382 ||| FLEEEEING.
  1383 | D:4      | 1383 ||| FLEEEEING.
  1384 | D:4      | 1384 ||| FLEEEEING.
  1643 | D:2      | Reached XP level 5. HP: 26/26 MP: 6/6
  2289 | D:3      | Noticed Ijyb
  2296 | D:3      | Killed Ijyb
  2396 | D:3      | Noticed Sigmund
  2404 | D:3      | 2404 ||| DRINKING blue potion.
  2405 | D:3      | 2405 ||| DRINKING amethyst potion.
  2406 | D:3      | 2406 ||| DRINKING smoky blue potion.
  2407 | D:3      | 2407 ||| DRINKING clear potion.
  2411 | D:3      | Killed Sigmund
  2411 | D:3      | Reached * piety under Okawaru
  2412 | D:3      | Reached skill level 6 in Ranged Weapons
  2412 | D:3      | Reached XP level 6. HP: 25/30 MP: 7/7
  2618 | D:3      | Found a burning altar of Makhleb.
  2620 | D:3      | Found an opulent altar of Gozag.
  2624 | D:3      | Found a white marble altar of Elyvilon.
  2714 | D:3      | 2714 ||| READING scroll labelled CIMUNW IROZISK.
  2815 | D:3      | 2815 ||| READING scroll labelled TOEFEGHA CETA.
  2815 | D:3      | 2815 ||| IDENTIFYING 2 fizzy inky potions
  2816 | D:3      | 2816 ||| READING scroll labelled ICKUCE ARYHAT.
  2882 | D:4      | Reached skill level 1 in Invocations
  2885 | D:4      | Found a staircase to the Ecumenical Temple.
  2936 | D:4      | Noticed Eustachio
  2937 | D:4      | 2937 ||| INVOKING Heroism.
  2954 | D:4      | 2954 ||| RETREEEEATING.
  2955 | D:4      | 2955 ||| RETREEEEATING.
  2957 | D:4      | 2957 ||| INVOKING Heroism.
  2967 | D:4      | Killed Eustachio
  2968 | D:4      | Reached skill level 6 in Dodging
  2968 | D:4      | Reached XP level 7. HP: 26/35 MP: 6/9
  3089 | D:4      | Noticed Menkaure
  3090 | D:4      | 3090 ||| INVOKING Heroism.
  3099 | D:4      | Killed Menkaure
  3244 | D:4      | Found a bloodstained altar of Trog.
  3352 | D:4      | Found a sparkling altar of Nemelex Xobeh.
  3365 | D:4      | Noticed Blork the orc
  3370 | D:4      | Killed Blork the orc
  3392 | D:4      | Noticed Edmund
  3407 | D:4      | HP: 8/35 [Edmund/+0 flail of protection (2)]
  3408 | D:4      | 3408 ||| READING scroll of teleportation.
  3408 | D:4      | Slain by Edmund

Levels and vault maps discovered:
D:1:      noname_arrival_rooms_in_the_neighbourhood, layout_basic,
          minmay_tripent
D:2:      layout_basic
D:3:      layout_basic, gammafunk_temple_overflow_forgotten, uniq_ijyb,
          uniq_sigmund
D:4:      layout_cave_pools, nemelex_diamond_rough_becter, okawaru_gym_becter,
          trog_butcher_becter, minmay_temple_entry_large_hall,
          kennysheep_generic_room_10, uniq_menkaure, uniq_edmund,
          uniq_eustachio, uniq_blork_the_orc

Skill      XL: |  1  2  3  4  5  6  7 |
---------------+----------------------+-----
Dodging        | 3 4 5 6 7 |  7.0
Ranged Weapons | 5 6 7 |  7.5
Fighting       | 2 |  2.0
Invocations    | 1 |  1.6
Stealth        | |  1.5

Action                     |  1- 3 |  4- 6 |  7- 9 || total
---------------------------+-------+-------+-------++-------
   Fire: Shortbow          |   110 |   140 |    47 ||   297
 Invoke: Heroism           |       |     2 |     1 ||     3
    Use: Scroll            |     3 |     6 |     1 ||    10
         Potion            |       |     4 |       ||     4
 Armour: Robe              |     7 |    14 |     8 ||    29
  Dodge: Dodged            |    44 |    40 |    16 ||   100

Table legend:
 A = Non-vault XP
 B = Vault XP
 C = Vault XP percentage of total XP
 D = Non-vault monster count
 E = Vault monster count
 F = Vault count percentage of total count
                 A         B        C        D         E       F
            +---------+---------+-------+---------+---------+-------
      Total |     391 |     715 |  64.6 |      88 |      11 |  11.1
            +---------+---------+-------+---------+---------+-------
        D:1 |      75 |       4 |   5.1 |      36 |       1 |   2.7
        D:2 |      45 |       0 |   0.0 |      16 |       0 |   0.0
        D:3 |      53 |     264 |  83.3 |      22 |       2 |   8.3
        D:4 |     218 |     447 |  67.2 |      14 |       8 |  36.4
            +---------+---------+-------+---------+---------+-------
